 Dungeon Crawl Stone Soup version 0.16-a0-3855-gd2600ac (console) character file.

30851 Monkaria the Severer (level 13, -6/101 HPs)
             Began as a Hill Orc Fighter on Jan 31, 2015.
             Was the Champion of Makhleb.
             Mangled by a death yak (19 damage)
             ... on level 5 of the Lair of Beasts.
             The game lasted 00:45:36 (19046 turns).

Monkaria the Severer (Hill Orc Fighter)            Turns: 19046, Time: 00:45:36

Health: -6/101     AC: 17    Str: 29    XL:     13   Next: 54%
Magic:  28/28      EV: 10    Int:  8    God:    Makhleb [******]
Gold:   525        SH:  0    Dex: 10    Spells: 0 memorised, 12 levels left

rFire  . . .     SeeInvis +     z - +0 battleaxe
rCold  . . .     Clarity  .     h - +1 chain mail
rNeg   + . .     SustAb   .     (no shield)
rPois  +         Gourm    .     H - +2 hat
rElec  .         Spirit   .     (no cloak)
rCorr  .         Warding  +     J - +0 pair of gloves
rMut   .         Stasis   .     X - +0 pair of boots
MR     .....                    Z - amulet of warding
Stlth  ..........               s - ring of poison resistance
                                P - +5 ring of strength

@: not resistant to hostile enchantments, extremely unstealthy
A: hooves 1, see invisible, frail 1, spit poison 1
a: Spit Poison, Minor Destruction, Lesser Servant of Makhleb, Major Destruction,
Greater Servant of Makhleb, Renounce Religion


You were on level 5 of the Lair of Beasts.
You worshipped Makhleb.
Makhleb was exalted by your worship.
You were hungry.

You visited 3 branches of the dungeon, and saw 17 of its levels.
You also visited: Sewer.

You collected 1026 gold pieces.
You spent 501 gold pieces at shops.

Inventory:

Hand weapons
 z - a +0 battleaxe (weapon)
 C - a +0 blowgun
 V - a +2 hand axe of flaming
Missiles
 a - 4 curare-tipped needles
 i - 62 poisoned needles
Armour
 c - a +0 shield
 h - a +1 chain mail (worn)
 H - a +2 hat (worn)
 J - a +0 pair of gloves (worn)
 X - a +0 pair of boots (worn)
Jewellery
 s - a ring of poison resistance (right hand)
 P - a +5 ring of strength (left hand)
 R - an uncursed ring of protection from cold
 Z - an amulet of warding (around neck)
Magical devices
 m - a wand of magic darts (26)
 r - a wand of digging (13)
 t - a wand of fire (11)
 u - a wand of fire (3)
 w - a wand of disintegration (16)
 T - a wand of fire (5)
 Y - a wand of teleportation (4)
Scrolls
 g - 10 scrolls of remove curse
 n - 2 scrolls of identify
 p - 4 scrolls of teleportation
 y - a scroll of amnesia
 A - a scroll of enchant weapon
 I - 2 scrolls of fog {unknown}
 M - a scroll of brand weapon {unknown}
 O - 2 scrolls of magic mapping
Potions
 b - a potion of cancellation
 d - 5 potions of curing
 e - 4 potions of might
 k - 3 potions of agility {unknown}
 l - a potion of cure mutation {unknown}
 q - a potion of berserk rage
 v - a potion of invisibility
 B - 2 potions of haste
 D - 2 potions of flight
 U - a potion of heal wounds
Books
 o - a book of the Warp

   Spells                             Type                      Level
   a - Recall                         Summoning/Translocation      3
   b - Control Teleport               Charms/Translocation         4
   c - Force Lance                    Conjuration/Translocation    4
   d - Phase Shift                    Translocation                5
   e - Warp Weapon                    Charms/Translocation         5
   f - Summon Forest                  Summoning/Translocation      5
   g - Gell's Gravitas                Hexes/Translocation          6
 x - a book of Callings

   Spells                             Type                      Level
   a - Summon Small Mammal            Summoning                    1
   b - Call Imp                       Summoning                    2
   c - Call Canine Familiar           Summoning                    3
   d - Summon Guardian Golem          Hexes/Summoning              4
   e - Summon Lightning Spire         Summoning/Air                4
   f - Summon Ice Beast               Ice/Summoning                4
 F - a book of Summonings

   Spells                             Type                      Level
   a - Abjuration                     Summoning                    3
   b - Recall                         Summoning/Translocation      3
   c - Shadow Creatures               Summoning                    5
   d - Summon Demon                   Summoning                    5
   e - Summon Forest                  Summoning/Translocation      5
   f - Monstrous Menagerie            Summoning                    6
Comestibles
 f - 13 bread rations
 j - 12 fruits
 E - a beef jerky
 G - a meat ration
 K - 2 chunks of flesh


   Skills:
 - Level 10.2 Fighting
 - Level 17.0 Axes
 - Level 10.1 Armour
 + Level 4.4 Dodging
 - Level 3.4 Shields
 - Level 12.2 Invocations
 - Level 9.1 Evocations


You had 12 spell levels left.
You didn't know any spells.

Dungeon Overview and Level Annotations

Branches:
Dungeon (11/15)            Temple (1/1) D:6            Lair (5/8) D:8
  Swamp (0/5) Lair:4          Orc (0/4) D:10
  Snake: Lair:3-6    Spider: Lair:3-6

Altars:
Ashenzari
Cheibriados
Dithmenos
Elyvilon
Fedhas
Gozag
Kikubaaqudgha
Makhleb
Nemelex Xobeh
Okawaru
Qazlal
Ru
Sif Muna
Trog
Vehumet
Xom
Yredelemnul
Zin
The Shining One
Beogh

Shops:
D:7 !   D:9 ?

Annotations:
D:3 Monkaria's ghost, average HOFi
D:10 Mayheim's ghost, powerful HuBe
D:11 Urug


Innate Abilities, Weirdness & Mutations

You have large cloven feet.
You have supernaturally acute eyesight.
You are frail (-10% HP).
You can spit poison.


Message History

You feel a little better. The death yak gores you!
You see here a death yak corpse.
You slash the death yak!
The death yak is severely wounded.
The death yak gores you!
You barely miss the death yak.
The death yak is severely wounded.
The death yak gores you but does no damage.
You slash the death yak!
The death yak is severely wounded.
The death yak gores you!!
You slash the death yak!
The death yak is almost dead.
The death yak gores you!!
* * * LOW HITPOINT WARNING * * *
You hit the death yak.
The death yak is almost dead.
The death yak gores you!!
You die...

.....#.#....#..# ...##....P....P.
....P##†....#..###..§............
.#...............P..P.≈≈≈≈.......
.#....†...............≈##≈.......
...≈≈≈≈...............≈≈≈≈.......
...≈≈≈≈...............≈≈≈≈.......
...≈≈≈≈.........P..#....§........
...≈≈≈≈.............#....#P##..##
................@Y..#.########.##
##..##.............#.# #...# ###
##.....÷.......## #..##
#............P# ##...
#..............# ##PP
#.........#P..## ###
#.#.#..P..##.## ###########.##
###


You could see a death yak.

Vanquished Creatures
  3 hydras
  2 death yaks (Lair:5)
  The ghost of Monkaria the Cleaver, an experienced HOFi of Makhleb (D:8)
  A black mamba (Lair:1)
  Maurice (D:8)
  11 elephants
  Joseph (D:7)
  A gargoyle (D:8)
  6 spiny frogs
  4 komodo dragons
  A troll (D:10)
  A polar bear (Lair:2)
  A two-headed ogre (D:11)
  9 blink frogs (Lair:4)
  A wandering mushroom (Lair:1)
  3 wyverns
  2 humans (D:7)
  A wraith (D:10)
  39 yaks
  Eustachio (D:7)
  11 wolves
  A steam dragon (D:8)
  6 hippogriffs
  Menkaure (D:6)
  8 water moccasins
  3 orc warriors
  8 porcupines
  2 black bears
  3 sky beasts
  An ice beast (D:6)
  A necrophage (D:9)
  A phantom (D:4)
  5 ogres
  3 centaurs
  5 big kobolds
  8 crocodiles
  13 giant frogs
  A water moccasin skeleton (D:9)
  5 wights (D:10)
  6 killer bees (D:8)
  7 scorpions
  4 goliath beetles
  3 electric eels (Lair:4)
  A quasit (D:8)
  5 crimson imps
  2 jellies
  9 hounds
  6 iguanas
  A giant frog skeleton (D:8)
  4 orc priests
  3 orc wizards
  A centaur skeleton (D:10)
  5 worker ants
  A spectral orc (Lair:1)
  2 killer bee zombies
  9 sheep
  An ogre zombie (D:8)
  A hound zombie (D:10)
  A hound skeleton (D:11)
  A mummy (D:11)
  2 worker ant zombies
  32 river rats
  14 adders
  14 gnolls
  4 shadow imps
  A giant mite (D:5)
  3 worms
  An adder skeleton (D:5)
  3 oozes
  22 orcs
  A ball python (D:4)
  A bat skeleton (D:5)
  6 giant cockroaches
  10 hobgoblins
  9 jackals
  14 quokkas
  13 bats
  9 giant geckos
  2 giant gecko skeletons
  A giant gecko zombie (D:8)
  5 giant newts
  14 goblins
  A jackal skeleton (D:9)
  21 kobolds
  A quokka skeleton (D:4)
  A quokka zombie (D:5)
  16 rats
  7 fungi
  A plant (D:8)
478 creatures vanquished.

Vanquished Creatures (collateral kills)
  A death yak (Lair:5)
  Nergalle (Lair:1)
  A spectral orc (Lair:1)
  A river rat (Lair:5)
4 creatures vanquished.

Vanquished Creatures (others)
  A blizzard demon (Lair:5)
  A green death (Lair:5)
  2 fungi (Lair:3)
4 creatures vanquished.

Grand Total: 486 creatures vanquished

Notes
Turn   | Place    | Note
--------------------------------------------------------------
     0 | D:1      | Monkaria, the Hill Orc Fighter, began the quest for the Orb.
     0 | D:1      | Reached XP level 1. HP: 19/19 MP: 1/1
   215 | D:1      | Reached XP level 2. HP: 27/27 MP: 2/2
   810 | D:2      | Reached skill level 4 in Fighting
   913 | D:2      | Reached XP level 3. HP: 20/33 MP: 3/3
  1647 | D:3      | Noticed Monkaria's ghost (average HOFi)
  1788 | D:4      | Found a bloodstained altar of Trog.
  1800 | D:4      | Reached skill level 5 in Axes
  1800 | D:4      | Reached XP level 4. HP: 38/40 MP: 4/4
  1809 | D:4      | Noticed a phantom
  1821 | D:3      | Reached skill level 6 in Axes
  2224 | D:4      | Noticed an ogre
  2263 | D:4      | Killed an ogre
  2263 | D:4      | Reached skill level 7 in Axes
  2263 | D:4      | Reached XP level 5. HP: 17/46 MP: 5/5
  2316 | D:4      | Found a blossoming altar of Fedhas.
  2829 | D:4      | Reached XP level 6. HP: 47/52 MP: 6/6
  3280 | D:4      | Reached skill level 8 in Axes
  3381 | D:4      | Killed a phantom
  3535 | D:5      | Entered Level 5 of the Dungeon
  3650 | D:5      | Reached skill level 9 in Axes
  3661 | D:5      | Found a glowing drain.
  3675 | Sewer    | Entered a sewer
  3828 | Sewer    | Reached XP level 7. HP: 48/59 MP: 7/7
  3947 | Sewer    | Found a white marble altar of Elyvilon.
  4094 | D:5      | Reached skill level 10 in Axes
  4842 | D:6      | Noticed Menkaure
  4851 | D:6      | Killed Menkaure
  4851 | D:6      | Reached skill level 5 in Armour
  4851 | D:6      | Reached XP level 8. HP: 20/66 MP: 8/8
  5413 | D:6      | Found a sparkling altar of Nemelex Xobeh.
  5879 | D:6      | Found a staircase to the Ecumenical Temple.
  6064 | Temple   | Entered the Ecumenical Temple
  6274 | Temple   | Became a worshipper of Makhleb the Destroyer
  6416 | D:7      | Noticed Eustachio
  6432 | D:7      | Killed Eustachio
  6432 | D:7      | Reached skill level 11 in Axes
  6475 | D:7      | Found Xepsocit's Distillery.
  6475 | D:7      | Noticed Joseph
  6519 | D:7      | Killed Joseph
  6519 | D:7      | Reached skill level 12 in Axes
  6519 | D:7      | Reached XP level 9. HP: 7/71 MP: 9/9
  6768 | D:7      | Bought a potion of lignification for 39 gold pieces
  6768 | D:7      | Bought a potion of curing for 39 gold pieces
  6768 | D:7      | Bought a potion of cancellation for 104 gold pieces
  6768 | D:7      | Bought a potion of haste for 130 gold pieces
  7200 | D:7      | Found a white marble altar of Elyvilon.
  7207 | D:7      | Reached skill level 13 in Axes
  7207 | D:7      | Acquired Makhleb's first power
  7296 | D:7      | Found an iron altar of Okawaru.
  7598 | D:8      | Noticed Monkaria's ghost (experienced HOFi)
  7749 | D:8      | Found a staircase to the Lair.
  7749 | D:8      | Noticed an elephant
  7763 | D:8      | Reached skill level 14 in Axes
  7806 | D:8      | Noticed Maurice
  7809 | D:8      | Killed an elephant
  7809 | D:8      | Reached XP level 10. HP: 17/78 MP: 10/10
  7818 | D:8      | Killed Maurice
  7818 | D:8      | Reached skill level 15 in Axes
  7955 | D:8      | Found a glowing golden altar of the Shining One.
  8244 | D:8      | Acquired Makhleb's second power
  8250 | D:8      | Reached skill level 16 in Axes
  8410 | Lair:1   | Entered Level 1 of the Lair of Beasts
  9498 | D:8      | Killed Monkaria's ghost
  9498 | D:8      | Reached skill level 5 in Fighting
  9688 | D:8      | Noticed a two-headed hydra
 10164 | D:8      | Killed a one-headed hydra
 10164 | D:8      | Reached XP level 11. HP: 90/95 MP: 11/11
 10215 | D:8      | Noticed a gargoyle
 10232 | D:8      | Killed a gargoyle
 10266 | D:8      | Reached skill level 1 in Invocations
 10348 | D:8      | Gained mutation: You have supernaturally acute eyesight. [potion of beneficial mutation]
 10531 | D:8      | Acquired Makhleb's third power
 10691 | Lair:1   | Noticed Nergalle
 10934 | D:9      | Found a glowing silver altar of Zin.
 11024 | D:9      | Reached skill level 5 in Invocations
 11226 | D:9      | Found Ikecw's Magic Scroll Emporium.
 11246 | D:9      | Bought a scroll of teleportation for 42 gold pieces
 11246 | D:9      | Bought a scroll of identify for 28 gold pieces
 11246 | D:9      | Bought a scroll of identify for 28 gold pieces
 11246 | D:9      | Bought a scroll of magic mapping for 49 gold pieces
 11246 | D:9      | Bought a scroll of remove curse for 42 gold pieces
 11894 | D:10     | Entered Level 10 of the Dungeon
 11914 | D:10     | Found a staircase to the Orcish Mines.
 11967 | D:10     | Acquired Makhleb's fourth power
 12213 | D:10     | Found a roughly hewn altar of Beogh.
 12253 | D:10     | Noticed Mayheim's ghost (powerful HuBe)
 12436 | D:11     | Gained mutation: You are frail (-10% HP). [mutagenic meat]
 12437 | D:11     | Gained mutation: You can spit poison. [mutagenic meat]
 12438 | D:11     | Gained mutation: You have large cloven feet. [mutagenic meat]
 12745 | D:11     | Noticed Urug
 13173 | Lair:1   | Killed Nergalle
 13173 | Lair:1   | Reached skill level 10 in Invocations
 13862 | Lair:1   | Acquired Makhleb's fifth power
 14281 | Lair:2   | Reached XP level 12. HP: 89/93 MP: 27/27
 15155 | Lair:2   | Reached skill level 5 in Evocations
 16185 | Lair:3   | Noticed a four-headed hydra
 16281 | Lair:3   | Killed a one-headed hydra
 16482 | Lair:3   | Reached XP level 13. HP: 92/99 MP: 28/28
 16606 | Lair:3   | Reached skill level 10 in Armour
 16902 | Lair:4   | Reached skill level 17 in Axes
 17145 | Lair:4   | Found a staircase to the Swamp.
 17546 | Lair:4   | Reached skill level 10 in Fighting
 17969 | Lair:4   | Reached skill level 1 in Dodging
 19046 | Lair:5   | Mangled by a death yak

Action                   |  1- 3 |  4- 6 |  7- 9 | 10-12 | 13-15 || total
-------------------------+-------+-------+-------+-------+-------++-------
Melee: War axe           |   137 |   143 |   322 |   819 |   136 ||  1557
       Hand axe          |       |       |       |    18 |    22 ||    40
       Battleaxe         |       |       |       |       |   150 ||   150
 Fire: Blowgun           |       |     3 |    12 |    10 |       ||    25
Throw: Throwing net      |       |       |     1 |     5 |     1 ||     7
Invok: Minor Destruction |       |       |       |     6 |     9 ||    15
       Lesser Servant of |       |       |       |     1 |       ||     1
       Greater Servant o |       |       |       |       |     2 ||     2
Evoke: Wand              |       |       |     1 |     8 |       ||     9
  Use: Scroll            |     7 |     3 |     5 |    11 |       ||    26
       Potion            |       |       |     6 |     6 |       ||    12
 Stab: Distracted        |       |       |       |       |     1 ||     1
       Held in net/web   |       |       |       |       |     1 ||     1
  Eat: Chunk             |     3 |     6 |    13 |    32 |     8 ||    62
